Map: Lerilak Crest

Players

capac - Winner!

  • Race: Terran Terran
  • League: Gold

A.I. 1 (Elite)

  • Race: Terran Terran

VOD

Have the link to the VOD?

Description

Time

  • Played on: Feb. 26, 2016, 11:01 a.m.
  • Length: 11:43
Show
View Real Time Build Order
Export as new Build Order

capac Terran - Winner!

Build Orders: Bio Tank 

Get SALT Encoding   

  12  0:01  SCV  
  13  0:13  SCV  
  14  0:18  Supply Depot  
  14  0:25  SCV  
  15  0:39  SCV  
  15  0:41  Barracks  
  16  0:47  Refinery  
  16  0:51  SCV  
  17  1:03  SCV  
  18  1:15  SCV  
  19  1:28  SCV  
  20  1:33  Command Center  
  20  1:34  Barracks Reactor  
  20  1:43  Orbital Command  
  20  1:51  Supply Depot  
  20  2:10  Barracks  
  21  2:15  SCV  
  21  2:17  Marine x2  
  23  2:26  Factory  
  23  2:40  Marine x2  
  23  2:41  SCV  
  26  2:46  Refinery  
  26  2:54  SCV  
  26  2:56  Orbital Command  
  26  2:58  Marine x2  
  29  3:02  Barracks Tech Lab  
  29  3:06  SCV  
  30  3:13  Factory Reactor  
  30  3:17  Starport  
  30  3:20  SCV  
  30  3:26  SCV  
  32  3:31  Marine x2  
  32  3:32  Marine, SCV  
  36  3:34  Stimpack  
  36  3:38  Refinery  
  37  3:41  SCV  
  37  3:45  SCV  
  38  3:49  Marine x2  
  38  3:50  Supply Depot  
  40  3:57  SCV x2  
  40  3:58  Marine  
  43  4:08  Medivac  
  43  4:09  SCV  
  46  4:11  Medivac  
  46  4:12  SCV  
  46  4:15  Supply Depot  
  49  4:21  SCV  
  49  4:24  SCV  
  51  4:25  Marine x2  
  51  4:27  Factory Tech Lab  
  51  4:28  Liberator  
  51  4:31  Liberator  
  53  4:35  SCV  
  54  4:39  Supply Depot  
  54  4:42  Marine  
  55  4:51  Marine  
  62  5:00  Marine x2, SCV x2  
  62  5:03  Refinery  
  62  5:06  Siege Tank  
  69  5:09  Marine  
  70  5:17  Supply Depot  
  70  5:21  Marine x2, SCV x2  
  74  5:26  Supply Depot  
  74  5:30  Liberator  
  74  5:33  SCV x2  
  74  5:35  Barracks  
  76  5:40  Supply Depot, Siege Tank  
  76  5:41  Marine x2  
  76  5:42  Marine  
  82  5:48  SCV  
  82  5:49  SCV  
  87  5:55  Supply Depot  
  87  6:11  Marine x3  
  87  6:12  Siege Tank  
  87  6:14  SCV x2  
  95  6:21  Supply Depot  
  95  6:26  SCV  
  95  6:27  Barracks Reactor, SCV  
  95  6:29  Marine x3  
  95  6:32  Barracks  
  100  6:46  Marine  
  100  6:47  Siege Tank  
  104  6:54  Factory  
  104  6:55  Medivac x2  
  101  7:27  Medivac x2  
  101  7:29  Barracks Reactor  
  94  7:31  Barracks  
  94  7:32  Marine x4  
  94  7:34  Siege Tank  
  94  7:35  SCV x2  
  103  7:40  Supply Depot  
  103  7:43  Factory Tech Lab  
  103  7:46  Starport  
  103  7:52  Command Center  
  103  8:04  Supply Depot, Marine x2  
  103  8:05  Marine x3  
  108  8:06  Marine x2  
  108  8:07  Combat Shields  
  108  8:10  Medivac x2  
  108  8:11  Siege Tank  
  117  8:20  Barracks Reactor  
  117  8:24  Starport Reactor  
  117  8:28  Supply Depot x2, Liberator  
  117  8:36  Siege Tank  
  117  8:38  Marine x5  
  117  8:39  Marine x2  
  130  8:51  Siege Tank  
  133  8:58  Supply Depot  
  133  8:59  Marine x5  
  133  9:00  Marine x2  
  140  9:13  Supply Depot  
  117  9:30  Marine x5  
  117  9:31  Marine x4  
  121  9:35  Medivac  
  125  9:39  Medivac  
  127  9:48  Marine x6  
  127  9:49  Marine x3  
  136  10:05  Marine  
  136  10:06  Marine x6  
  136  10:07  Marine x2  
  145  10:17  Liberator x2  
  145  10:21  Siege Tank x2  
  145  10:23  Marine x3  
  145  10:24  Marine x6  
  160  11:06  Marine  
  160  11:07  Marine x7  
  160  11:08  Marine  
Show
View Real Time Build Order
Export as new Build Order

A.I. 1 (Elite) Terran 

Build Orders: MMM Bio 

Get SALT Encoding   

  12  0:00  SCV  
  13  0:13  SCV  
  14  0:19  Supply Depot  
  14  0:25  SCV  
  15  0:40  SCV  
  15  0:42  Barracks  
  16  0:52  SCV  
  17  1:04  SCV  
  18  1:15  Supply Depot  
  18  1:16  SCV  
  19  1:21  Refinery  
  19  1:29  Marine, SCV  
  21  1:41  SCV  
  22  1:47  Marine  
  22  1:50  Barracks  
  22  1:53  SCV  
  22  1:54  Refinery  
  24  2:03  Supply Depot  
  24  2:05  Marine, SCV  
  26  2:17  SCV  
  27  2:23  Marine  
  27  2:26  Factory  
  27  2:29  SCV  
  29  2:37  Marine  
  29  2:41  Marine, SCV  
  32  2:53  SCV  
  32  2:55  Marine  
  34  2:59  Marine  
  35  3:05  SCV  
  36  3:12  Marine  
  36  3:16  Marine  
  36  3:17  SCV  
  39  3:20  Supply Depot  
  39  3:24  Factory Tech Lab  
  39  3:35  Starport  
  39  3:41  Marine, SCV  
  39  3:42  Marine  
  42  3:54  SCV  
  43  3:59  Marine  
  44  4:06  SCV  
  44  4:08  Barracks  
  45  4:18  SCV  
  45  4:20  Supply Depot  
  46  4:27  Starport Tech Lab  
  46  4:30  SCV  
  47  4:42  Marine x2, Siege Tank, SCV  
  47  4:45  Supply Depot  
  53  4:54  SCV  
  54  5:06  Barracks Tech Lab, SCV  
  55  5:10  Supply Depot  
  55  5:12  Engineering Bay  
  55  5:18  SCV  
  55  5:19  Command Center  
  56  5:24  Combat Shields  
  58  5:28  Marauder  
  58  5:29  Engineering Bay  
  58  5:36  Barracks Tech Lab  
  58  5:38  Terran Infantry Armor Level 1, Barracks Reactor  
  58  5:46  Siege Tank  
  63  5:50  Marauder  
  63  5:54  Terran Infantry Weapons Level 1, Marauder  
  63  5:55  Stimpack  
  65  5:59  Supply Depot  
  66  6:11  Marauder  
  66  6:16  Marauder  
  68  6:18  Siege Tank  
  71  6:28  Supply Depot  
  71  6:31  SCV  
  71  6:32  Marauder, SCV  
  75  6:38  Marauder  
  77  6:43  SCV  
  77  6:46  SCV  
  79  6:54  Marauder  
  81  6:55  SCV  
  81  6:58  SCV  
  83  7:08  SCV  
  80  7:10  SCV  
  80  7:15  Refinery  
  79  7:22  SCV  
  81  7:24  Concussive Shells  
  81  7:25  Marauder  
  81  7:26  Supply Depot  
  80  7:33  Marauder  
  80  7:34  SCV  
  83  7:41  Siege Tank  
  86  7:46  SCV  
  86  7:48  Missile Turret  
  87  7:54  Supply Depot  
  87  7:58  SCV  
  88  8:06  Refinery  
  88  8:10  SCV  
  89  8:22  SCV  
  90  8:30  Missile Turret  
  90  8:32  Armory  
  90  8:35  SCV  
  90  8:38  Supply Depot  
  91  8:46  Barracks  
  91  8:47  SCV  
  92  8:56  Marine  
  92  8:59  SCV  
  94  9:11  SCV  
  94  9:14  Marine x2  
  94  9:15  Marine x2  
  84  9:19  Terran Infantry Weapons Level 2  
  61  9:25  Command Center  
  52  9:32  Marine x3  
  52  9:33  Marine  
  52  9:35  Marine  
  57  9:43  Orbital Command  
  57  9:50  Marine x2  
  57  9:51  Marauder, Marine  
  62  9:58  Marine  
  63  10:06  Siege Tank  
  66  10:08  Marauder  
  66  10:12  Marauder  
  70  10:30  Marauder  
  70  10:33  Marauder  
  74  10:38  Siege Tank  
  74  10:42  Marine x3  
  71  10:49  SCV  
  54  10:51  Marauder  
  54  10:54  Marine  
  54  11:00  Marine x2  
  50  11:12  Marine x2  
  50  11:18  Marine  
Tags
 
Composition
Bio TankMMM Bio
League
Gold
Matchup
TvT
Race
Terran
Add a new tag
Caveats
  • Supply blocks, unpowered buildings, or Contaminate may cause inaccurate times.
  • Supply counts are checked every 10 seconds.